 Dungeon Crawl Stone Soup version 0.19-a0-147-g6f47703 (webtiles) character file.

882 wvc the Frost Mage (level 8, -9/52 HPs)
             Began as a Merfolk Ice Elementalist on May 18, 2016.
             Was a Priest of Cheibriados.
             Mangled by a wight
             ... wielding a +3 halberd
              (18 damage)
             ... on level 6 of the Dungeon.
             The game lasted 00:14:27 (6167 turns).

wvc the Frost Mage (Merfolk Ice Elementalist)       Turns: 6167, Time: 00:14:27

Health: -9/52      AC:  4    Str: 15    XL:     8   Next: 5%
Magic:  6/15       EV: 13    Int: 23    God:    Cheibriados [***...]
Gold:   357        SH:  0    Dex: 22    Spells: 4 memorised, 5 levels left

rFire  . . .     SeeInvis .     d - +0 dagger (venom)
rCold  . . .     Gourm    .     a - +0 robe
rNeg   . . .     Faith    .     (no shield)
rPois  .         Spirit   .     (no helmet)
rElec  .         Dismiss  .     (no cloak)
rCorr  .         Reflect  .     (no gloves)
SustAt .         Harm     .     g - +1 pair of boots
MR     .....                    (no amulet)
Stlth  ++........               (no ring)
                                u - ring of wizardry

@: very slightly contaminated, drained, very slow, not resistant to hostile
enchantments, unstealthy
A: change form in water, swift swim
a: Bend Time, Temporal Distortion, Renounce Religion


You were on level 6 of the Dungeon.
You worshipped Cheibriados.
Cheibriados was most pleased with you.
You were full.

You visited 1 branch of the dungeon, and saw 6 of its levels.

You collected 357 gold pieces.

Inventory:

Hand Weapons
 d - a +0 dagger of venom (weapon)
 f - a +0 spear
 j - a +0 dagger of draining
Missiles
 m - 21 poisoned needles
Armour
 a - a +0 robe (worn)
 g - a +1 pair of boots (worn)
Jewellery
 u - a ring of wizardry (left hand)
Wands
 l - a wand of paralysis (9/24)
Scrolls
 k - a scroll of immolation
Potions
 e - 2 potions of invisibility
 n - a potion of lignification
 o - 3 potions of curing
 q - 3 potions of flight
Books
 b - a book of Frost

   Spells                             Type                      Level
   a - Freeze                         Ice                          1
   b - Throw Frost                    Conjuration/Ice              2
   c - Ozocubu's Armour               Charms/Ice                   3
   d - Throw Icicle                   Conjuration/Ice              4
   e - Summon Ice Beast               Ice/Summoning                4
 p - a book of Clouds

   Spells                             Type                      Level
   a - Mephitic Cloud                 Conjuration/Poison/Air       3
   b - Conjure Flame                  Conjuration/Fire             3
   c - Poisonous Cloud                Conjuration/Poison/Air       6
   d - Freezing Cloud                 Conjuration/Ice/Air          6
   e - Ring of Flames                 Charms/Fire                  7
Comestibles
 c - 5 bread rations
 h - 3 chunks of flesh
 s - a meat ration


   Skills:
 - Level 2.6(2.1) Dodging
 - Level 2.1(1.6) Stealth
 + Level 5.1(4.5) Spellcasting
 + Level 0.7(0.2) Conjurations
 - Level 2.1(1.6) Summonings
 * Level 8.1(7.4) Ice Magic


You had 5 spell levels left.
You knew the following spells:

 Your Spells              Type           Power        Failure   Level  Hunger
a - Freeze                Ice            ####         1%          1    None
b - Ozocubu's Armour      Chrm/Ice       ###.....     4%          3    ##.....
c - Summon Ice Beast      Ice/Summ       ####....     7%          4    ####...
d - Throw Icicle          Conj/Ice       ###.....     9%          4    ####...


Dungeon Overview and Level Annotations

Branches:
Dungeon (6/15)
 Temple: D:4-7

Altars:
Cheibriados
Trog


Message History

Your ice beast hits the wight.
Your ice beast freezes the wight.
The wight resists.
The wight barely misses your ice beast.
Unknown command.
The wight closely misses your ice beast.
Your ice beast hits the wight but does no damage.
The wight misses your ice beast.
The wight hits your ice beast with an enchanted dagger.
Your ice beast dies!
The wight barely misses you.
The wight hits you with an enchanted short sword!
Okay, then.
Okay, then.
You open the door.
The wight hits you with an enchanted short sword!
You feel drained.
There is an open door here.
The gnoll hits you with a flail!
* * * LOW HITPOINT WARNING * * *
The wight hits you from afar with an enchanted halberd!!
You die...

#.... #....+ #!).)#
#....#
#....####....#
#+#............#
...............#
...............#
...##z#....##+## ..
+.g#zz..# .
#.@zz...#
#..#....###
#######....#
#.....#..).#
........
#.....'...)#
.......
#.....#....#
......# ####
##'##.#....###
......#
....##..##.##.....#
......#
>........#..#.....#


You could see 5 wights and a gnoll.

Vanquished Creatures
  2 ogres
  A scorpion (D:6)
  3 wights (D:6)
  2 hounds (D:5)
  Ijyb (D:2)
  3 orc wizards
  A hound skeleton (D:5)
  4 gnolls
  10 adders
  4 dart slugs
  A giant gecko (D:4)
  7 orcs
  5 bats
  3 giant cockroaches
  11 hobgoblins
  4 jackals
  8 kobolds
  2 quokkas
  3 ball pythons
  6 giant newts
  3 goblins
  A quokka zombie (D:5)
  8 rats
93 creatures vanquished.

Vanquished Creatures (collateral kills)
  A centaur (D:5)
  A scorpion (D:5)
  A wight (D:6)
  An orc priest (D:4)
  A hound (D:6)
  A jelly (D:5)
  2 orc wizards (D:5)
  5 gnolls
  A giant gecko (D:5)
  3 orcs (D:5)
  A jackal (D:6)
18 creatures vanquished.

Grand Total: 111 creatures vanquished

Notes
Turn   | Place    | Note
--------------------------------------------------------------
     0 | D:1      | wvc the Merfolk Ice Elementalist began the quest for the Orb.
     0 | D:1      | Reached XP level 1. HP: 13/13 MP: 3/3
   245 | D:1      | Reached XP level 2. HP: 18/19 MP: 5/5
   379 | D:1      | Reached skill level 4 in Ice Magic
   807 | D:1      | Reached XP level 3. HP: 20/24 MP: 6/6
   936 | D:1      | Learned a level 3 spell: Ozocubu's Armour
  1340 | D:2      | Noticed Ijyb
  1347 | D:2      | Paralysed by Ijyb for 5 turns
  1362 | D:2      | Killed Ijyb
  1362 | D:2      | Reached XP level 4. HP: 17/30 MP: 1/8
  2079 | D:3      | Found a bloodstained altar of Trog.
  2128 | D:3      | Found a snail-covered altar of Cheibriados.
  2134 | D:3      | Became a worshipper of Cheibriados the Contemplative
  2161 | D:4      | Reached skill level 5 in Ice Magic
  2504 | D:3      | Reached XP level 5. HP: 33/35 MP: 6/9
  2680 | D:3      | Learned a level 4 spell: Summon Ice Beast
  2727 | D:3      | Reached * piety under Cheibriados
  3145 | D:4      | Noticed an ogre
  3186 | D:4      | Killed an ogre
  3186 | D:4      | Reached skill level 6 in Ice Magic
  3186 | D:4      | Reached XP level 6. HP: 33/41 MP: 9/11
  3280 | D:4      | Learned a level 4 spell: Throw Icicle
  4262 | D:5      | Entered Level 5 of the Dungeon
  4516 | D:5      | Reached ** piety under Cheibriados
  4692 | D:5      | Reached XP level 7. HP: 46/46 MP: 11/13
  5037 | D:5      | Reached skill level 1 in Summonings
  5037 | D:5      | Reached skill level 7 in Ice Magic
  5897 | D:6      | Reached *** piety under Cheibriados
  6126 | D:6      | Reached skill level 5 in Spellcasting
  6126 | D:6      | Reached skill level 8 in Ice Magic
  6126 | D:6      | Reached XP level 8. HP: 33/52 MP: 15/15
  6167 | D:6      | Mangled by a wight

Vault maps used:
D:1:      minmay_arrival_arboretum_small
D:2:      uniq_iyjb
D:3:      cheibriados_altar_1, overflow_temple_1_default
D:4:      first_bread, minivault_19
D:5:      hangedman_decor_lopped, item_on_display_a

Skill      XL: |  1  2  3  4  5  6  7 |
---------------+----------------------+-----
Ice Magic      | 4 5 6 8 |  8.1
Spellcasting   | 3 4 5 |  5.1
Summonings     | 2 |  2.1
Dodging        | |  2.6
Stealth        | |  2.1
Conjurations   | |  0.7

Action                   |  1- 3 |  4- 6 |  7- 9 || total
-------------------------+-------+-------+-------++-------
Melee: Dagger            |    41 |   120 |   108 ||   269
 Cast: Freeze            |    29 |    45 |    12 ||    86
       Ozocubu's Armour  |     1 |     1 |       ||     2
       Summon Ice Beast  |       |     5 |    15 ||    20
Evoke: Wand              |       |     3 |       ||     3
  Use: Scroll            |       |    13 |     4 ||    17
       Potion            |       |     1 |     1 ||     2
 Stab: Sleeping          |     3 |     6 |     1 ||    10
       Paralysed         |       |     4 |       ||     4
       Distracted        |       |     1 |     2 ||     3
  Eat: Chunk             |     2 |     8 |     3 ||    13
       Fruit             |       |       |     6 ||     6
       Beef jerky        |       |       |     1 ||     1
Armor: Robe              |    23 |    33 |     6 ||    62
       Skin              |       |       |    43 ||    43
Dodge: Dodged            |    63 |   115 |    79 ||   257
